 Dungeon Crawl Stone Soup version 0.19.0-23-gf02e663 (webtiles) character file.

109 Leibowitz the Sneak (level 4, 0/33 HPs)
             Began as a Demigod Enchanter on Nov 19, 2016.
             Slain by Sigmund
             ... wielding a +0 scythe
              (8 damage)
             ... on level 3 of the Dungeon.
             The game lasted 00:05:41 (1896 turns).

Leibowitz the Sneak (Demigod Enchanter)             Turns: 1896, Time: 00:05:41

Health: 0/33       AC:  4    Str: 11    XL:     4   Next: 34%
Magic:  9/10       EV: 12    Int: 21    God:
Gold:   104        SH:  3    Dex: 16    Spells: 2 memorised, 4 levels left

rFire  . . .     SeeInvis .     a - +1 dagger
rCold  . . .     Gourm    .     b - +1 robe
rNeg   . . .     Faith    .     g - +0 buckler
rPois  .         Spirit   .     n - +0 helmet
rElec  .         Reflect  .     (no cloak)
rCorr  +         Harm     +     (no gloves)
MR     .....                    (no boots)
Stlth  +++.......               y - amulet of harm
                                (no ring)
                                i - ring of resist corrosion

@: no status effects
A: high mp 1
a: no special abilities


You were on level 3 of the Dungeon.
You were hungry.

You visited 1 branch of the dungeon, and saw 3 of its levels.

You collected 104 gold pieces.

Inventory:

Hand Weapons
 a - a +1 dagger (weapon)
Armour
 b - a +1 robe (worn)
 g - a +0 buckler (worn)
 n - a +0 helmet (worn)
Jewellery
 i - a ring of resist corrosion (left hand)
 y - an amulet of harm (around neck)
Scrolls
 e - 5 scrolls of identify {unknown}
 f - 3 scrolls of magic mapping {unknown}
 j - a scroll of teleportation {unknown}
 s - 2 scrolls of recharging {unknown}
Potions
 h - a potion of haste {unknown}
 k - 2 potions of curing {unknown}
 l - a potion of lignification {unknown}
 m - a potion of cancellation {unknown}
 o - 2 potions of might {unknown}
 r - a potion of berserk rage {unknown}
 x - a potion of heal wounds {unknown}
Books
 c - a book of Maledictions

   Spells                             Type                      Level
   a - Corona                         Hexes                        1
   b - Ensorcelled Hibernation        Hexes/Ice                    2
   c - Confuse                        Hexes                        3
   d - Tukima's Dance                 Hexes                        3
   e - Dazzling Spray                 Conjuration/Hexes            3
Comestibles
 d - 4 bread rations
 p - a slice of pizza
 q - a royal jelly
 t - a beef jerky
 u - a meat ration
 v - a chunk of flesh
 w - 2 fruits


   Skills:
 + Level 0.1 Fighting
 + Level 1.7 Short Blades
 + Level 2.4 Dodging
 + Level 3.5 Stealth
 + Level 2.2 Spellcasting
 + Level 3.1 Hexes
 + Level 0.5 Ice Magic


You had 4 spell levels left.
You knew the following spells:

 Your Spells              Type           Power        Failure   Level  Hunger
a - Corona                Hex            ###....      10%         1    #......
b - Ensorcelled Hibernat  Hex/Ice        ##....       21%         2    ##.....


Dungeon Overview and Level Annotations

Branches:
Dungeon (3/15)

Annotations:
D:3 Robin, Sigmund


Innate Abilities, Weirdness & Mutations

You have an increased reservoir of magic. (+10% MP)


Message History

You closely miss the goblin.
The goblin unwields an uncursed hunting sling.
You block the goblin's attack. Something completely misses you.
You hit the goblin.
The goblin is heavily wounded.
The goblin barely misses you.
You closely miss the goblin.
The goblin is heavily wounded.
The goblin closely misses you. Something hits you!
You closely miss the goblin.
The goblin is heavily wounded.
The goblin misses you. Something hits you.
* * * LOW HITPOINT WARNING * * *
You closely miss the goblin.
The goblin is heavily wounded.
The goblin barely misses you.
You hit the goblin.
You kill the goblin!
Something hits you!
You die...

... .## #..# ...
#..# ..#.......#..#
#..#s......#..#
####
#......_......# ...
#..#..g....#.{##.#
#..#..(..(.#.g)@.#
##..# ..... #.g####
..$)####.####.#####
......{.gg....#...#
.>...$............#
....#..g#######...#
....##..# ##...##
....#.g.## #.....#
.......... #.###.##
.#


You could see 2 goblins.

Vanquished Creatures
  3 gnolls (D:2)
  4 adders
  An ooze (D:1)
  2 dart slugs (D:2)
  2 leopard geckos
  A giant cockroach (D:2)
  8 goblins
  2 hobgoblins
  A ball python (D:3)
  6 bats
  4 frilled lizards
  2 kobolds (D:2)
  4 rats
40 creatures vanquished.

Vanquished Creatures (others)
  A goblin (D:3)
1 creature vanquished.

Grand Total: 41 creatures vanquished

Notes
Turn   | Place    | Note
-------+----------+-------------------------------------------
     0 | D:1      | Leibowitz the Demigod Enchanter began the quest for the Orb.
     0 | D:1      | Reached XP level 1. HP: 14/14 MP: 5/5
   281 | D:1      | Reached skill level 1 in Short Blades
   301 | D:1      | Reached XP level 2. HP: 12/20 MP: 7/7
   308 | D:1      | Learned a level 2 spell: Ensorcelled Hibernation
   842 | D:2      | Reached XP level 3. HP: 25/26 MP: 8/8
  1483 | D:2      | Reached XP level 4. HP: 26/33 MP: 2/9
  1649 | D:2      | Found a white marble altar of Elyvilon.
  1779 | D:3      | Found a shimmering altar of Xom.
  1780 | D:3      | Found a shimmering altar of Xom.
  1801 | D:3      | Found a shimmering altar of Xom.
  1802 | D:3      | Found a shimmering altar of Xom.
  1802 | D:3      | Found a shimmering altar of Xom.
  1848 | D:3      | Noticed Robin
  1851 | D:3      | Noticed Sigmund
  1870 | D:3      | Found a blossoming altar of Fedhas.
  1896 | D:3      | Slain by Sigmund

Skill      XL: |  1  2  3 |
---------------+----------+-----
Short Blades   | 1 |  1.7
Dodging        | 2 |  2.4
Spellcasting   | 2 |  2.2
Hexes          | 3 |  3.1
Stealth        | 3 |  3.5
Fighting       | |  0.1
Ice Magic      | |  0.5

Action                   |  1- 3 |  4- 6 || total
-------------------------+-------+-------++-------
Melee: Dagger            |    90 |    24 ||   114
 Cast: Corona            |     1 |       ||     1
       Ensorcelled Hiber |     6 |     4 ||    10
 Stab: Sleeping          |    11 |     4 ||    15
  Eat: Chunk             |     2 |     1 ||     3
Armor: Robe              |    23 |     8 ||    31
Dodge: Dodged            |    47 |    19 ||    66
Block: Buckler           |    10 |     4 ||    14
